 Dungeon Crawl Stone Soup version 0.14.0-20-g75a2fc2 (webtiles) character file.

257 HungrySpirit the Magician (level 5, -2/28 HPs)
             Began as a Deep Elf Fire Elementalist on Apr 21, 2014.
             Slain by an orc
             ... wielding a +3,+2 mace
              (6 damage)
             ... on Level 3 of the Dungeon.
             The game lasted 00:07:14 (2351 turns).

HungrySpirit the Magician (DEFE)                    Turns: 2351, Time: 00:07:14

HP  -2/28        AC  3     Str 10      XL: 5   Next:  3%
MP   0/19        EV 13     Int 21      God:
Gold 115         SH  0     Dex 15      Spells:  2 memorised, 10 levels left

rFire  . . .     SeeInvis .     h - +1,+0 club
rCold  . . .     Clarity  .     a - +0 robe
rNeg   . . .     Conserve .     (no shield)
rPois  .         rCorr    .     (no helmet)
rElec  .         rRot     .     r - +0 cloak
SustAb . .       Spirit   .     (no gloves)
rMut   .         Warding  .     (no boots)
Saprov . . .     Stasis   .     (no amulet)
MR     .....                    (no ring)
                                (no ring)

@: mighty, not resistant to hostile enchantments, fairly stealthy
A: no striking features
a: no special abilities


You were on level 3 of the Dungeon.
You were hungry.

You visited 1 branch of the dungeon, and saw 3 of its levels.

You collected 115 gold pieces.

Inventory:

Hand weapons
 h - a +1,+0 club (weapon)
Armour
 a - a +0 robe (worn)
 r - a +0 cloak (worn)
Comestibles
 c - 4 bread rations
 f - a choko
 i - a pear
 m - 2 meat rations
Potions
 e - 2 potions of heal wounds {unknown}
 g - 2 potions of might
 l - 2 potions of restore abilities {unknown}
Books
 b - a book of Flames

   Spells                             Type                      Level
   *Flame Tongue                      Conjuration/Fire             1
   Throw Flame                        Conjuration/Fire             2
   *Conjure Flame                     Conjuration/Fire             3
   Inner Flame                        Hexes/Fire                   3
   Sticky Flame                       Conjuration/Fire             4
   Fireball                           Conjuration/Fire             5


   Skills:
 - Level 2.4 Dodging
 - Level 2.4 Stealth
 - Level 5.0 Spellcasting
 * Level 3.2 Conjurations
 + Level 4.2 Fire Magic


You had 10 spell levels left.
You knew the following spells:

 Your Spells              Type           Power        Failure   Level  Hunger
a - Flame Tongue          Conj/Fire      ###..        1%          1    None
b - Conjure Flame         Conj/Fire      ###.....     10%         3    ##.....


Dungeon Overview and Level Annotations

Branches:
Dungeon (3/15)

Altars:
Elyvilon
Fedhas
Kikubaaqudgha

Annotations:
D:3 ghwc's ghost, average DEFE


Message History

Casting: Flame Tongue
Confirm with . or Enter, or press ? or * to list all spells.
Aiming: Flame Tongue
Press: ? - help, Shift-Dir - straight line, f - orc
Aim: an orc, wielding a mace and wearing a scale mail The flame tongue hits the orc.
The orc appears unharmed.
The orc closely misses you.
The gnoll hits you from afar with a spear.
* * * LOW HITPOINT WARNING * * *
The gnoll hits you but does no damage.
Casting: Flame Tongue
Confirm with . or Enter, or press ? or * to list all spells.
Aiming: Flame Tongue
Press: ? - help, Shift-Dir - straight line, f - gnoll, p - orc
Aim: a gnoll, wielding a whip (almost dead)
The flame tongue misses the gnoll.
The flame tongue hits the gnoll.
The gnoll is severely wounded.
You are feeling hungry.
The orc hits you with a mace.
You die...

.g.g.....###.#.#
#######......#.#
.............#o#
#######......#.#
#......#o#
##.#####.# #g#
#o# #)# #o# #g#
#@# #.# #g#
...####.#####g#
.........g.g...#
...############


You could see 2 gnolls and 4 orcs.

Vanquished Creatures
  Terence (D:2)
  2 adders (D:2)
  5 gnolls (D:3)
  2 worms (D:2)
  2 orcs (D:2)
  2 giant cockroaches
  3 goblins
  6 hobgoblins
  7 jackals
  2 quokkas (D:2)
  7 bats
  2 giant newts
  2 kobolds (D:1)
  11 rats
54 creatures vanquished.

Notes
Turn   | Place    | Note
--------------------------------------------------------------
     0 | D:1      | HungrySpirit, the Deep Elf Fire Elementalist, began the quest for the Orb.
     0 | D:1      | Reached XP level 1. HP: 10/10 MP: 5/5
   167 | D:1      | Reached XP level 2. HP: 7/15 MP: 3/8
   169 | D:1      | Reached skill level 4 in Spellcasting
   791 | D:2      | Found a white marble altar of Elyvilon.
   851 | D:2      | Reached XP level 3. HP: 19/19 MP: 11/13
   936 | D:2      | Reached skill level 5 in Spellcasting
   951 | D:2      | Learned a level 3 spell: Conjure Flame
  1090 | D:2      | Noticed Terence
  1102 | D:2      | Killed Terence
  1361 | D:2      | Found an ancient bone altar of Kikubaaqudgha.
  1362 | D:2      | Found a blossoming altar of Fedhas.
  1586 | D:2      | Reached XP level 4. HP: 24/24 MP: 7/17
  2111 | D:3      | Noticed ghwc's ghost (average DEFE)
  2338 | D:3      | Reached XP level 5. HP: 21/28 MP: 0/19
  2351 | D:3      | Slain by an orc

Action                   |  1- 3 |  4- 6 || total
-------------------------+-------+-------++-------
Melee: Club              |    22 |     6 ||    28
 Cast: Flame Tongue      |    74 |    37 ||   111
       Conjure Flame     |     2 |     2 ||     4
  Use: Scroll            |     5 |     2 ||     7
       Potion            |       |     5 ||     5
